 Dungeon Crawl Stone Soup version 0.31-a0-662-g684573625c (webtiles) character file.

Game seed: 18217954682103586054

105 Ge0ff the Magician (level 4, -6/25 HPs)
             Began as a Deep Elf Warper on Sept 1, 2023.
             Mangled by a black bear (9 damage)
             ... on level 3 of the Dungeon.
             The game lasted 00:06:09 (3042 turns).

Ge0ff the Magician (Deep Elf Warper)                Turns: 3042, Time: 00:06:10

Health: -6/25      AC:  3    Str:  8    XL:     4   Next: 53%
Magic:  2/11       EV: 12    Int: 26    God:
Gold:   115        SH:  0    Dex: 14    Spells: 6/10 levels left

rFire   + . .        a - +0 dagger (vamp)
rCold   + . .        (no shield)
rNeg    . . .        b - +0 leather armour
rPois   .            (no helmet)
rElec   .            Z - scarf {rC+ rF+}
rCorr   .            (no gloves)
SInv    .            (no boots)
Will    .....        (no amulet)
Stlth   +            F - +6 ring of intelligence
HPRegen 0.24/turn    (no ring)
MPRegen 0.12/turn

%: no passive effects
@: no status effects
A: no striking features
a: no special abilities


You were on level 3 of the Dungeon.
You visited 1 branch of the dungeon, and saw 3 of its levels.

You collected 115 gold pieces.

Inventory:

Hand Weapons
 a - a +0 vampiric dagger (weapon)
 P - a +0 short sword
 S - a +0 sling
Missiles
 d - 7 darts of dispersal
 D - 44 stones
Armour
 b - a +0 leather armour (worn)
 W - a +0 buckler
 Z - a scarf of resistance (worn)
Magical Staves
 E - a staff of poison
Jewellery
 F - a +6 ring of intelligence (left hand)
 O - an amulet of guardian spirit
Scrolls
 i - 3 scrolls of identify
 y - 3 scrolls of immolation
 B - a scroll of blinking
 L - a scroll of poison {unknown}
 R - a scroll of fear {unknown}
 T - 2 scrolls of teleportation
 V - a scroll of vulnerability
 Y - a scroll of revelation {unknown}
Potions
 C - a potion of attraction {unknown}
 I - 2 potions of curing {unknown}
 M - 2 potions of brilliance {unknown}
 N - 2 potions of heal wounds {unknown}
 Q - 3 potions of mutation {unknown}
 X - a potion of might {unknown}


   Skills:
 - Level 1.5 Fighting
 + Level 3.4 Short Blades
 - Level 1.0 Throwing
 - Level 0.7 Armour
 - Level 2.4 Dodging
 + Level 3.8 Spellcasting
 * Level 2.7 Conjurations
 - Level 3.2 Translocations


You had 6 spell levels left.
You knew the following spells:

 Your Spells              Type           Power      Damage    Failure   Level
j - Searing Ray           Conj           38%        2d5       6%          2
B - Blink                 Tloc           44%        N/A       4%          2

Your spell library contained the following spells:

 Spells                   Type           Power      Damage    Failure   Level
 Magic Dart               Conj           76%        1d6       3%          1
 Lesser Beckoning         Tloc           44%        N/A       4%          2
 Gell's Gravitas          Tloc           22%        N/A       10%         3
 Teleport Other           Tloc           22%        N/A       10%         3
 Poisonous Vapours        Pois/Air       10%        N/A       19%         2
 Mephitic Cloud           Conj/Pois/Air  9%         N/A       26%         3
 Manifold Assault         Tloc           22%        N/A       30%         4
 Vhi's Electric Charge    Tloc/Air       26%        N/A       52%         4
 Fulminant Prism          Conj/Hex       6%         3d7       56%         4
 Freezing Cloud           Conj/Ice/Air   4%         6-21      93%         5
 Dispersal                Tloc           11%        N/A       99%         6


Dungeon Overview and Level Annotations

Branches:
Dungeon (3/15) Zot: 14965

Altars:

Shops:
D:1 (


Message History

You see here an adder corpse.
You now have 101 gold pieces (gained 12).
You see here an adder corpse.
Found a stone staircase leading up.
Q - 3 blue potions (gained 2)
There is a stone staircase leading up here.
You now have 115 gold pieces (gained 14).
D - 44 stones (gained 7)
An orc and a ball python come into view.
The orc shouts!
The ball python hisses angrily.
You hear an angry hiss.
An adder comes into view.
You hear an angry growl.
A black bear comes into view.
The black bear growls angrily.
You hear a shout!
The searing ray hits the black bear.
The black bear is lightly wounded. (Press . to maintain the ray.)
The searing ray hits the black bear!
The black bear is heavily wounded.
The searing ray hits the black bear.
The black bear is heavily wounded.
The searing ray hits the orc!
You kill the orc!
The searing ray hits the black bear.
The black bear is severely wounded.
You finish channelling your searing ray.
The black bear bites you but does no damage.
The black bear claws you.
The black bear claws you but does no damage.
The searing ray hits the black bear!
The black bear is almost dead.
The searing ray hits the ball python!
You kill the ball python!
The searing ray misses the adder. (Press . to maintain the ray.)
The black bear goes berserk!
The searing ray hits the black bear.
The black bear is almost dead.
The searing ray hits the adder.
The adder is heavily wounded.
The black bear closely misses you. The black bear misses you.
The black bear claws you.
The searing ray misses the black bear.
The searing ray hits the adder.
The adder is almost dead.
The black bear bites you. The black bear claws you.
* * * LOW HITPOINT WARNING * * *
The black bear claws you.
* * * LOW HITPOINT WARNING * * *
The black bear bites you!
You die...

#.......# #...# #.....
#.####..########...#########.##.#
#.......#.................##.#..#
..........รท................#.#.%#
#.##....#............)..........#
#.##....########...#########...>.
#.......# #.<.# ###.## ...#..#.#
#...# #.# #.......# #@..# #.##
##.#..### #hS.# #.#. .....## #...#
#... ##.### #...# ###. ...# #)..#
## #### ....S......#
#.o...#........ ##...##...#####
....# .....


You could see a black bear (berserk) and an adder.

Vanquished Creatures
  2 adders (D:3)
  3 dart slugs
  3 worms
  An orc (D:3)
  8 endoplasms
  5 giant cockroaches
  5 goblins
  7 hobgoblins
  4 quokkas
  8 ball pythons
  3 bats (D:1)
  4 frilled lizards (D:1)
  7 kobolds
  7 rats
67 creatures vanquished.

Notes
Turn   | Place    | Note
-------+----------+-------------------------------------------
     0 | D:1      | Ge0ff the Deep Elf Warper began the quest for the Orb.
     0 | D:1      | Reached XP level 1. HP: 12/12 MP: 6/6
   110 | D:1      | Found Jeim's Antique Weapon Emporium.
   247 | D:1      | Found a faded altar of an unknown god.
   290 | D:1      | Reached XP level 2. HP: 15/16 MP: 8/8
   309 | D:1      | Learned a level 2 spell: Blink
   312 | D:1      | Learned a level 2 spell: Searing Ray
   476 | D:1      | Reached skill level 1 in Conjurations
   651 | D:1      | Reached XP level 3. HP: 20/20 MP: 4/9
  1923 | D:2      | Reached XP level 4. HP: 25/25 MP: 6/11
  3034 | D:3      | Noticed a black bear
  3042 | D:3      | Mangled by a black bear

Illustrated notes

Levels and vault maps discovered:
D:1:      zelgadis_glass_arrival_small, layout_rooms, serial_shops,
          nicolae_shop_waterfront, shapermc_ecumenical_altar_totnotflames,
          serial_bayou_pond_b, minmay_pentomino_p4
D:2:      layout_rooms, serial_corexii_hall, corexii_hall_statues_s,
          chequers_hall_statues_y, chequers_hall_statues_corner_a
D:3:      minmay_spotlight, layout_loops_cross

Skill      XL: |  1  2  3 |
---------------+----------+-----
Conjurations   | 1 2 |  2.7
Short Blades   | 3 |  3.4
Fighting       | |  1.5
Throwing       | |  1.0
Armour         | |  0.7
Dodging        | |  2.4
Spellcasting   | |  3.8
Translocations | |  3.2

Action                     |  1- 3 |  4- 6 || total
---------------------------+-------+-------++-------
  Melee: Short sword       |    76 |       ||    76
         Punch             |     1 |       ||     1
         Dagger            |    11 |       ||    11
   Cast: Searing Ray       |    30 |    15 ||    45
    Use: Scroll            |       |     3 ||     3
 Armour: Leather armour    |    29 |     8 ||    37
  Dodge: Dodged            |    54 |     4 ||    58

Table legend: (Time is in decaauts)
 A = Elapsed time spent in this place.
 B = Non-inter-level travel time spent in this place.
 C = Inter-level travel time spent in this place.
 D = Time resting spent in this place.
 E = Time spent auto-exploring this place.
 F = Levels seen in this place.
 G = Mean time per level.
                   A        B        C        D        E       F      G
               +--------+--------+--------+--------+--------+-----+--------+
         Total |   3033 |   2837 |    196 |      0 |   2339 |   3 | 1011.0 |
       Dungeon |   3033 |   2837 |    196 |      0 |   2339 |   3 | 1011.0 |
               +--------+--------+--------+--------+--------+-----+--------+

Top non-repeatable levels by time:
     D:1: 1110 daAuts
     D:2: 1077 daAuts
     D:3: 845 daAuts
